Map: Costas tropicales

Players

MrFercho

  • Race: Zerg Zerg
  • Spawn Location: 6:00

TATORREA

  • Race: Protoss Protoss
  • Spawn Location: 5:00

tigro

  • Race: Terran Terran
  • Spawn Location: 5:00

IA (Difícil)

  • Race: Protoss Protoss
  • Spawn Location: 11:00

IA (Difícil)

  • Race: Zerg Zerg
  • Spawn Location: 12:00

IA (Difícil)

  • Race: Terran Terran
  • Spawn Location: 12:00

IA (Difícil)

  • Race: Zerg Zerg
  • Spawn Location: 6:00

IA (Difícil)

  • Race: Protoss Protoss
  • Spawn Location: 0:00

VOD

Have the link to the VOD?

Description

Time

  • Played on: April 17, 2020, 9:28 p.m.
  • Length: 29:53
Show
View Real Time Build Order
Export as new Build Order

MrFercho Zerg 

Build Orders: Pool First 

Get SALT Encoding   

  12  0:01  Drone  
  13  0:13  Overlord  
  13  0:20  Drone  
  14  0:37  Spawning Pool  
  14  0:39  Drone  
  14  0:47  Drone x2  
  16  1:26  Zergling x6  
  19  1:39  Overlord  
  18  1:59  Zergling x4  
  18  2:08  Extractor  
  17  2:15  Hatchery  
  16  2:29  Queen  
  13  2:50  Drone x3  
  6  3:34  Drone  
  6  3:38  Drone x3  
  9  4:00  Drone x2  
  11  4:14  Extractor  
  8  4:17  Spawning Pool  
  7  4:32  Extractor, Hatchery  
  7  4:35  Drone  
  6  5:04  Drone x2  
  8  5:17  Drone x2  
  10  5:35  Drone  
  11  5:43  Drone  
  11  5:49  Drone  
  13  6:00  Drone x2  
  15  6:09  Drone x3  
  18  6:22  Metabolic Boost  
  18  6:40  Drone x2  
  18  6:41  Overlord x2  
  20  7:03  Drone x6  
  26  7:20  Extractor  
  25  7:23  Extractor, Drone x2  
  26  7:55  Drone  
  26  7:56  Drone x5  
  32  8:29  Drone x2  
  32  8:30  Drone x2  
  32  8:32  Overlord x2  
  36  8:44  Lair  
  36  8:50  Queen  
  38  9:04  Evolution Chamber  
  38  9:05  Evolution Chamber  
  36  9:10  Evolution Chamber  
  35  9:17  Roach Warren  
  34  9:24  Spine Crawler  
  34  9:25  Queen  
  34  9:26  Drone x6  
  41  9:37  Zerg Melee Weapons Level 1  
  41  9:38  Zerg Ground Armor Level 1, Zerg Missile Weapons Level 1  
  41  9:50  Spire  
  41  9:51  Spire  
  39  9:55  Hydralisk Den  
  38  10:05  Spine Crawler  
  37  10:26  Drone x6  
  43  10:28  Spore Crawler  
  43  10:29  Spore Crawler  
  39  10:46  Hydralisk  
  39  10:47  Hydralisk  
  43  10:52  Queen  
  45  11:25  Infestation Pit  
  44  11:47  Hatchery  
  43  11:54  Hatchery  
  42  12:21  Hydralisk  
  42  12:22  Hydralisk x3  
  46  12:23  Mutalisk  
  46  12:26  Overlord x3  
  52  12:33  Zerg Flyer Armor Level 1, Zerg Flyer Weapons Level 1  
  52  12:35  Zerg Missile Weapons Level 2, Zerg Ground Armor Level 2, Zerg Melee Weapons Level 2  
  52  12:40  Hive  
  52  12:44  Grooved Spines  
  52  12:54  Pneumatized Carapace  
  36  13:35  Hydralisk x11  
  36  13:36  Hydralisk  
  53  13:55  Muscular Augments  
  20  14:21  Mutalisk  
  20  14:22  Mutalisk x7  
  36  15:17  Hatchery  
  35  15:54  Mutalisk  
  35  15:55  Mutalisk x5  
  35  16:46  Mutalisk  
  31  16:47  Mutalisk x2  
  33  17:12  Drone x3  
  30  18:05  Mutalisk  
  30  18:06  Mutalisk x3  
  22  19:09  Zergling x12  
  22  20:15  Extractor  
  22  20:17  Drone x3  
  24  20:40  Drone x3  
  24  20:42  Drone x3  
  30  21:22  Hatchery  
  30  21:24  Queen  
  31  21:38  Hatchery  
  30  21:47  Hatchery  
  29  22:28  Zerg Missile Weapons Level 3, Zerg Melee Weapons Level 3  
  29  22:29  Zerg Ground Armor Level 3  
  29  22:36  Adrenal Glands  
  29  22:37  Zerg Flyer Weapons Level 2, Zerg Flyer Armor Level 2  
  29  23:20  Hatchery  
  28  23:32  Zergling x2  
  28  23:33  Zergling x30  
  28  23:34  Zergling x2  
  45  23:39  Extractor x2  
  26  25:07  Zergling x24  
  27  25:08  Zergling x12  
  44  25:17  Drone x3  
  3  27:50  Drone x3  
  6  28:53  Drone  
  6  28:54  Drone x2  
  9  29:18  Drone x2  
  11  29:27  Drone  
Show
View Real Time Build Order
Export as new Build Order

TATORREA Protoss 

Build Orders:  

Get SALT Encoding   

  12  0:03  Probe (Chrono Boost)  
  13  0:14  Probe (Chrono Boost)  
  14  0:34  Pylon  
  14  0:37  Probe  
  15  0:43  Assimilator  
  15  0:48  Assimilator  
  15  1:16  Pylon  
  15  1:20  Probe (Chrono Boost)  
  17  1:33  Probe (Chrono Boost)  
  17  1:47  Gateway  
  17  1:54  Forge  
  17  1:56  Probe  
  18  2:09  Probe (Chrono Boost)  
  19  2:19  Probe (Chrono Boost)  
  20  2:23  Probe (Chrono Boost)  
  21  2:35  Probe  
  22  2:37  Protoss Ground Weapons Level 1  
  22  2:41  Zealot  
  24  2:56  Cybernetics Core  
  24  3:01  Pylon  
  24  3:04  Pylon  
  24  3:07  Pylon  
  24  3:09  Zealot  
  24  3:11  Pylon  
  26  3:14  Pylon  
  26  3:20  Photon Cannon  
  26  3:21  Photon Cannon  
  26  3:36  Zealot  
  24  4:03  Zealot  
  26  4:12  Photon Cannon  
  26  4:14  Photon Cannon  
  26  4:17  Photon Cannon  
  26  4:30  Zealot  
  26  4:53  Photon Cannon  
  26  4:54  Photon Cannon  
  26  4:56  Photon Cannon  
  26  4:57  Stalker  
  26  4:58  Photon Cannon  
  28  5:04  Protoss Ground Armor Level 1 (Chrono Boost)  
  28  5:27  Stalker  
  28  5:57  Stalker  
  28  6:27  Sentry  
  26  6:54  Sentry  
  26  7:08  Protoss Shields Level 1 (Chrono Boost)  
  26  7:15  Stargate  
  26  7:17  Robotics Facility  
  26  7:19  Stalker  
  28  7:24  Twilight Council  
  28  7:49  Stalker  
  26  8:49  Stalker  
  28  8:57  Immortal (Chrono Boost)  
  32  9:04  Void Ray  
  36  9:18  Fleet Beacon  
  32  9:40  Stalker  
  28  9:56  Photon Cannon x2  
  28  9:58  Photon Cannon x2  
  28  10:00  Photon Cannon  
  28  10:01  Photon Cannon  
  28  10:02  Photon Cannon  
  28  10:04  Photon Cannon  
  28  10:06  Photon Cannon  
  28  10:07  Photon Cannon  
  28  10:09  Photon Cannon  
  28  10:10  Stalker  
  30  10:40  Stalker  
  32  10:50  Immortal  
  36  11:11  Sentry  
  36  11:51  Void Ray  
  44  11:54  Immortal  
  34  12:41  Pylon  
  34  12:44  Pylon  
  36  13:09  Stalker  
  36  13:39  Stalker  
  38  13:51  Nexus  
  38  13:56  Pylon  
  38  14:02  Pylon  
  38  14:06  Assimilator  
  38  14:08  Stalker  
  40  14:12  Assimilator  
  40  14:25  Void Ray  
  44  14:39  Sentry  
  46  15:05  Sentry  
  48  15:08  Probe (Chrono Boost)  
  49  15:19  Probe (Chrono Boost)  
  50  15:23  Probe (Chrono Boost)  
  51  16:04  Void Ray  
  43  16:37  Photon Cannon  
  43  16:38  Photon Cannon  
  43  16:39  Photon Cannon  
  43  16:41  Photon Cannon  
  43  16:42  Photon Cannon  
  43  18:02  Void Ray  
  47  18:13  Immortal  
  51  18:45  Void Ray  
  55  18:52  Immortal  
  59  19:24  Stalker  
  59  19:28  Void Ray  
  65  19:31  Immortal  
  69  19:54  Stalker  
  71  20:11  Tempest  
  68  20:24  Stalker  
  62  20:54  Stalker, Carrier  
  58  21:24  Stalker  
  48  22:21  Carrier  
  54  22:26  Immortal  
  54  22:28  Stalker  
  56  22:58  Stalker  
  54  23:25  Carrier  
  54  23:28  Stalker  
  39  23:58  Stalker  
  39  24:29  Tempest  
  44  25:12  Void Ray  
  48  25:16  Pylon  
  48  25:50  Photon Cannon  
  48  25:53  Photon Cannon  
  48  25:54  Void Ray  
  52  25:57  Photon Cannon x2  
  52  26:00  Photon Cannon  
  52  26:01  Photon Cannon  
  52  26:02  Photon Cannon  
  52  26:05  Photon Cannon x2  
  52  26:10  Photon Cannon x2  
  52  26:20  Nexus  
  52  26:45  Carrier  
  58  26:57  Stalker  
  60  27:27  Stalker  
  62  27:36  Assimilator  
  62  27:42  Assimilator  
  62  27:45  Immortal  
  62  27:49  Tempest  
  71  27:57  Stalker  
  73  28:32  Carrier  
  43  29:08  Stalker  
  45  29:13  Immortal  
Show
View Real Time Build Order
Export as new Build Order

tigro Terran 

Build Orders:  

Get SALT Encoding   

  12  0:03  SCV  
  13  0:16  Supply Depot  
  13  0:19  SCV  
  14  0:31  SCV  
  15  0:43  SCV, Refinery  
  16  0:55  SCV  
  17  1:00  Barracks  
  17  1:05  Refinery  
  17  1:15  SCV  
  18  1:27  Supply Depot, SCV  
  19  1:39  SCV  
  20  1:49  Barracks  
  20  1:51  Marine, SCV  
  22  2:03  SCV  
  23  2:09  Marine  
  25  2:15  SCV  
  25  2:27  Marine  
  26  2:43  Barracks Tech Lab  
  26  2:45  Marine  
  26  2:47  Orbital Command  
  27  3:01  Barracks  
  27  3:02  Marine  
  30  3:05  Marauder  
  30  3:20  Marine  
  30  3:38  Marine  
  31  3:41  Combat Shield  
  31  3:53  Marauder  
  29  3:56  Marine  
  26  4:14  Marauder  
  28  4:18  Barracks Tech Lab  
  28  4:35  Marauder  
  26  4:57  Marauder  
  28  5:00  Stimpack  
  26  5:07  Barracks Tech Lab  
  24  5:18  Marauder  
  23  5:30  Barracks Tech Lab  
  23  5:39  Marauder  
  25  5:47  SCV  
  26  5:59  SCV  
  26  6:01  Marauder, Barracks  
  25  6:22  Marauder  
  25  6:44  Marauder  
  27  6:51  Barracks Tech Lab  
  27  7:05  Marauder  
  29  7:22  Engineering Bay  
  29  7:26  Marauder  
  30  7:42  Marauder  
  26  7:48  Marauder  
  26  8:03  Marauder  
  28  8:09  Marauder  
  28  8:24  Marauder  
  27  8:31  Marauder  
  25  8:46  Marauder  
  27  8:54  Barracks Tech Lab  
  27  9:07  Marauder  
  23  9:29  Marauder  
  25  9:33  Marauder  
  27  9:50  Marauder  
  29  9:54  Marauder  
  31  10:02  Terran Infantry Weapons Level 1  
  31  10:05  Concussive Shells  
  31  10:25  Marauder  
  31  10:27  Marauder  
  25  10:46  Marauder  
  25  10:49  Marauder  
  25  11:07  Marauder  
  25  11:10  Marauder  
  25  11:29  Marauder  
  25  11:31  Marine  
  26  11:48  Missile Turret  
  26  11:49  Marine  
  26  11:50  Marauder  
  26  11:52  Missile Turret  
  29  11:56  Terran Infantry Armor Level 1  
  28  12:11  Marine  
  27  12:29  Marine  
  22  12:43  Command Center  
  22  12:47  Marine  
  23  13:04  Marine  
  24  13:10  Barracks  
  24  13:22  Marine  
  24  13:40  Marine  
  21  13:50  Neosteel Armor  
  21  13:58  Marine  
  22  14:15  Barracks Tech Lab, Missile Turret  
  22  14:16  Marine  
  23  14:33  Marine  
  23  14:35  Barracks  
  24  14:40  Marauder  
  26  14:51  Marine  
  27  15:01  Marauder  
  29  15:09  Marine  
  30  15:22  Command Center  
  30  15:23  Marauder  
  30  15:27  Marine  
  33  15:30  Hi-Sec Auto Tracking  
  32  15:44  Marauder  
  32  15:45  Marine  
  32  15:46  Barracks Tech Lab  
  31  15:51  Command Center  
  21  16:02  Marine  
  19  16:06  Marauder  
  17  16:18  Command Center  
  17  16:20  Marine  
  18  16:27  Marauder  
  18  16:30  Marauder  
  22  16:38  Marine  
  23  16:51  Marauder  
  25  16:56  Marine  
  25  17:05  Refinery  
  19  17:13  Marauder  
  4  17:55  SCV  
  5  18:07  SCV  
  6  18:29  SCV  
  7  18:40  Supply Depot  
    19:17  SCV  
  1  19:39  SCV  
Show
View Real Time Build Order
Export as new Build Order

IA (Difícil) Protoss 

Build Orders:  

Get SALT Encoding   

  12  0:01  Probe  
  13  0:13  Probe  
  14  0:21  Pylon  
  14  0:25  Probe  
  15  0:35  Probe  
  16  0:43  Probe  
  16  0:48  Assimilator  
  17  0:53  Gateway, Probe  
  18  1:01  Probe  
  18  1:04  Pylon  
  19  1:24  Probe  
  20  1:42  Zealot  
  22  1:49  Assimilator  
  22  1:57  Cybernetics Core  
  22  1:58  Probe  
  22  2:03  Gateway  
  22  2:17  Pylon  
  22  2:18  Zealot  
  24  2:27  Probe  
  19  2:39  Probe  
  20  2:45  Stalker, Warp Gate  
  20  2:47  Stalker  
  24  2:51  Probe  
  25  3:04  Probe  
  26  3:14  Stalker  
  26  3:15  Stalker  
  26  3:36  Probe  
  24  3:44  Zealot  
  24  3:48  Probe  
  24  3:49  Zealot  
  26  4:00  Probe  
  27  4:07  Zealot  
  27  4:11  Stalker  
  27  4:16  Probe  
  30  4:41  Stalker  
  32  4:49  Zealot  
  32  4:58  Pylon  
  30  5:04  Stalker  
  32  5:09  Zealot  
  32  5:10  Probe  
  35  5:22  Probe  
  35  5:26  Gateway  
  36  5:32  Sentry  
  36  5:35  Probe  
  38  5:46  Adept  
  38  5:47  Probe  
  41  5:59  Probe  
  41  6:00  Pylon  
  42  6:10  Probe  
  43  6:12  Forge  
  43  6:18  Probe  
  44  6:33  Zealot  
  44  6:36  Protoss Ground Armor Level 1  
  46  6:42  Zealot  
  48  6:52  Sentry  
  40  7:02  Zealot  
  40  7:06  Probe  
  40  7:07  Pylon  
  41  7:11  Stalker  
  41  7:21  Zealot  
  35  7:30  Zealot  
  35  7:31  Robotics Facility  
  33  7:54  Nexus  
  33  8:03  Stalker  
  35  8:13  Adept  
  38  8:20  Observer  
  38  8:23  Protoss Ground Weapons Level 1  
  38  8:24  Zealot  
  40  8:34  Zealot  
  42  8:43  Stalker  
  44  8:49  Stalker  
  46  8:59  Zealot  
  42  9:07  Probe  
  42  9:09  Zealot  
  35  9:25  Gateway  
  35  9:34  Robotics Facility  
  35  9:40  Observer  
  35  9:42  Sentry  
  35  9:43  Stargate  
  38  9:51  Immortal  
  42  10:13  Warp Prism  
  42  10:18  Probe  
  44  10:30  Stargate  
  44  10:38  Warp Prism  
  46  10:46  Warp Prism  
  48  11:06  Photon Cannon  
  48  11:14  Observer  
  48  11:17  Photon Cannon, Zealot  
  51  11:27  Zealot  
  53  11:37  Stalker  
  55  11:47  Sentry  
  57  11:55  Nexus  
  57  12:01  Immortal x2  
  61  12:25  Immortal  
  65  12:35  Zealot  
  57  12:40  Pylon  
  49  12:45  Sentry  
  45  12:55  Zealot  
  47  13:05  Stalker  
  49  13:16  Stalker  
  51  13:26  Zealot  
  53  13:33  Zealot  
  55  13:39  Stalker  
  57  13:46  Stalker  
  59  13:52  Sentry  
  61  13:59  Observer  
  61  14:04  Twilight Council  
  61  14:07  Robotics Bay  
  54  14:34  Zealot  
  54  14:38  Observer  
  54  14:45  Templar Archives  
  54  14:46  Observer  
  54  14:48  Colossus  
  54  14:51  Assimilator  
  57  15:02  Stalker  
  57  15:05  Assimilator  
  59  15:07  Assimilator  
  59  15:11  Probe  
  60  15:15  Probe  
  60  15:16  Probe  
  62  15:21  Probe  
  62  15:23  High Templar  
  62  15:27  Probe  
  66  15:28  Probe  
  66  15:29  Probe  
  66  15:30  High Templar  
  66  15:33  Assimilator  
  70  15:36  High Templar  
  70  15:38  Probe  
  70  15:39  Probe  
  68  15:43  Stalker  
  68  15:45  Probe  
  68  15:46  Colossus  
  71  15:50  Probe, Archon  
  71  15:55  Probe, High Templar  
  71  15:56  Probe  
  75  16:02  Probe  
  75  16:03  High Templar  
  79  16:04  Archon  
  79  16:07  Probe  
  79  16:11  High Templar  
  82  16:19  Archon  
  82  16:21  High Templar  
  84  16:29  Pylon  
  84  16:32  High Templar  
  86  16:40  Archon  
  86  16:43  High Templar  
  88  16:55  High Templar  
  90  17:02  Pylon  
  90  17:08  High Templar  
  92  17:20  Probe  
  92  17:22  Probe  
  94  17:23  Probe  
  94  17:29  Void Ray  
  95  17:32  Probe, Stargate  
  90  17:47  Phoenix  
  90  18:09  Fleet Beacon  
  90  18:12  Pylon  
  88  18:37  Tempest  
  88  18:40  Stargate  
  91  19:03  Carrier  
  91  19:09  Void Ray  
  97  19:14  Void Ray  
  105  19:35  Pylon, Phoenix  
  107  19:46  Tempest  
  107  19:52  Nexus  
  105  19:53  Probe  
  105  19:55  Probe  
  105  19:56  Probe  
  105  19:58  Carrier  
  105  19:59  Pylon  
  109  20:05  Probe x2  
  110  20:07  Probe  
  118  20:17  Probe  
  119  20:23  Carrier  
  119  20:30  Pylon  
  119  20:32  Pylon  
  125  20:38  Pylon  
  125  20:41  Pylon  
  125  20:45  Pylon  
  125  20:47  Pylon  
  125  20:49  Protoss Air Weapons Level 1  
  125  21:00  Forge  
  125  21:05  Probe  
  125  21:07  Probe  
  125  21:08  Photon Cannon, Probe  
  125  21:09  Gravitic Boosters  
  125  21:10  Probe  
  129  21:12  Photon Cannon  
  129  21:13  Zealot  
  129  21:14  Photon Cannon  
  129  21:16  Zealot  
  129  21:17  Assimilator  
  129  21:18  Probe  
  134  21:19  Zealot  
  134  21:20  Probe  
  134  21:21  Assimilator, Probe  
  134  21:22  Zealot  
  134  21:23  Probe  
  141  21:33  Adept, Protoss Ground Weapons Level 2  
  141  21:36  Stalker  
  141  21:39  Stalker  
  147  21:42  Stalker  
  149  21:52  Adept  
  151  21:55  Protoss Ground Armor Level 2  
  151  21:59  Zealot  
  151  22:00  Photon Cannon  
  153  22:02  Sentry  
  153  22:03  Photon Cannon  
  153  22:05  Sentry  
  153  22:06  Pylon  
  157  22:10  Pylon  
  157  22:26  Gravitic Drive  
  157  22:31  Photon Cannon  
  157  22:34  Photon Cannon  
  157  22:43  Psionic Storm  
  157  22:57  Protoss Air Armor Level 1  
  149  23:34  Stalker  
  149  23:37  Stalker  
  137  23:44  Protoss Shields Level 1  
  137  23:46  Void Ray  
  137  23:49  Void Ray  
  137  23:59  Protoss Ground Weapons Level 3  
  133  24:04  Stalker  
  133  24:05  Nexus  
  133  24:09  Stalker  
  131  24:15  Stalker  
  133  24:19  Colossus  
  133  24:22  Stalker x2  
  139  24:25  Stalker x2  
  139  24:27  Blink  
  139  24:50  Protoss Air Weapons Level 2  
  139  25:27  Pylon  
  139  25:31  Pylon  
  139  25:32  Assimilator  
  139  25:34  Protoss Ground Armor Level 3  
  139  25:38  Assimilator  
  139  25:44  Dark Shrine  
  139  25:48  Probe  
  139  25:52  Photon Cannon  
  139  25:58  Photon Cannon  
  139  25:59  Stalker x2  
  139  26:06  Probe  
  139  26:10  Pylon, Probe  
  137  26:11  Probe  
  137  26:13  Probe  
  139  26:32  Photon Cannon  
  139  26:33  Protoss Shields Level 2  
  139  26:48  Protoss Air Armor Level 2  
  135  27:20  Immortal  
  137  27:24  Zealot  
  137  27:28  Zealot  
  141  27:32  Zealot  
  141  27:36  Immortal  
  141  28:49  Nexus, Zealot  
  141  28:55  Adept  
Show
View Real Time Build Order
Export as new Build Order

IA (Difícil) Zerg 

Build Orders: 1 Base Baneling Bust, Pool First 

Get SALT Encoding   

  12  0:01  Drone  
  13  0:13  Overlord  
  13  0:18  Drone  
  14  0:31  Drone  
  14  0:32  Drone  
  16  0:42  Spawning Pool  
  16  0:45  Drone  
  16  0:50  Drone  
  16  0:53  Extractor  
  16  0:56  Drone  
  17  1:06  Overlord  
  17  1:32  Zergling x2, Queen  
  20  1:37  Zergling x2  
  20  1:39  Drone  
  22  1:40  Roach Warren  
  22  1:41  Extractor  
  20  1:49  Drone  
  21  2:01  Drone  
  22  2:11  Overlord  
  22  2:22  Drone  
  23  2:32  Roach  
  24  2:40  Drone, Roach  
  26  2:45  Zergling x2  
  28  2:51  Zergling x2  
  28  2:55  Overlord  
  28  3:06  Roach  
  28  3:12  Roach  
  32  3:17  Roach  
  32  3:23  Roach  
  34  3:29  Zergling x2  
  35  3:35  Zergling x2, Baneling Nest  
  35  3:40  Drone  
  36  3:42  Roach  
  36  3:43  Drone  
  36  3:45  Overlord  
  39  3:52  Drone  
  40  4:03  Drone, Evolution Chamber  
  40  4:14  Roach  
  40  4:15  Drone  
  40  4:16  Drone  
  44  4:25  Drone  
  43  4:35  Zergling x2  
  44  4:47  Zergling x2, Drone  
  46  4:56  Zerg Melee Weapons Level 1  
  46  4:58  Evolution Chamber  
  46  4:59  Lair  
  45  5:13  Overlord  
  45  5:24  Zerg Ground Armor Level 1  
  44  5:55  Zergling x2  
  44  5:57  Burrow  
  44  5:58  Overseer  
  44  5:59  Overseer, Hydralisk Den  
  44  6:01  Drone  
  44  6:09  Spore Crawler  
  44  6:10  Drone  
  44  6:18  Drone, Spore Crawler  
  44  6:28  Hydralisk  
  46  6:36  Hydralisk  
  46  6:38  Infestation Pit  
  46  6:39  Drone  
  48  6:44  Hydralisk  
  50  6:47  Drone, Spine Crawler  
  50  6:50  Zerg Missile Weapons Level 1  
  50  6:52  Hydralisk  
  46  7:08  Queen  
  45  7:12  Zergling x2  
  42  7:20  Roach  
  38  7:23  Drone  
  38  7:24  Roach  
  38  7:28  Roach  
  36  7:36  Roach  
  37  7:43  Hydralisk  
  39  7:51  Hydralisk  
  41  7:59  Hatchery  
  41  8:00  Roach  
  42  8:08  Roach  
  44  8:16  Roach  
  46  8:24  Zergling x2  
  46  8:26  Spine Crawler  
  46  8:32  Roach  
  48  8:39  Hydralisk, Spire  
  48  8:40  Roach  
  49  8:44  Hydralisk  
  53  8:59  Zergling x2  
  50  9:07  Overseer  
  46  9:13  Pneumatized Carapace  
  46  9:16  Roach  
  42  9:22  Drone  
  39  9:29  Drone  
  40  9:36  Drone  
  41  9:42  Drone  
  42  9:46  Roach  
  42  9:51  Roach  
  46  9:56  Roach  
  48  10:01  Roach  
  48  10:06  Roach  
  52  10:12  Roach  
  54  10:16  Hydralisk  
  54  10:22  Roach  
  54  10:27  Roach  
  53  10:29  Drone  
  53  10:32  Roach  
  54  10:37  Roach  
  54  10:41  Hydralisk  
  58  10:47  Swarm Host  
  61  10:53  Overlord  
  61  10:56  Drone  
  62  10:59  Drone  
  62  11:02  Drone  
  64  11:04  Drone  
  64  11:08  Drone  
  64  11:10  Drone  
  67  11:14  Drone  
  68  11:18  Overlord  
  68  11:21  Drone  
  68  11:24  Drone  
  70  11:26  Drone  
  70  11:29  Drone  
  72  11:36  Zerg Melee Weapons Level 2  
  72  11:50  Hatchery  
  72  11:52  Overseer  
  71  11:57  Overlord  
  71  11:59  Drone  
  72  12:05  Mutalisk  
  74  12:11  Mutalisk  
  76  12:16  Overlord  
  76  12:17  Mutalisk  
  78  12:23  Corruptor  
  78  12:29  Hive  
  70  12:42  Extractor  
  61  12:46  Extractor  
  51  13:09  Extractor  
  50  13:14  Extractor  
  49  13:32  Drone  
  49  13:34  Drone  
  49  13:35  Drone  
  49  13:38  Drone  
  49  13:39  Overseer  
  49  13:40  Drone  
  49  13:41  Viper, Drone  
  53  13:44  Greater Spire  
  53  13:46  Queen  
  53  13:48  Mutalisk  
  54  13:49  Drone  
  54  13:51  Drone  
  54  13:53  Drone  
  54  13:54  Drone  
  55  13:56  Drone  
  55  13:58  Drone  
  55  13:59  Drone, Hydralisk  
  55  14:02  Drone  
  57  14:03  Zergling x2  
  57  14:06  Hydralisk  
  49  14:10  Zergling x2  
  49  14:11  Spore Crawler  
  49  14:14  Drone, Roach  
  49  14:16  Drone  
  49  14:17  Drone  
  49  14:18  Zergling x2  
  49  14:19  Drone  
  49  14:21  Drone  
  50  14:25  Drone  
  48  14:33  Queen  
  48  14:37  Drone  
  46  14:41  Drone  
  46  14:42  Drone  
  47  14:49  Mutalisk  
  47  14:52  Drone, Hydralisk  
  47  14:57  Queen, Drone  
  47  14:58  Drone  
  44  15:02  Drone  
  44  15:03  Drone  
  43  15:08  Drone  
  43  15:10  Drone  
  43  15:12  Brood Lord  
  48  15:14  Drone  
  48  15:19  Mutalisk  
  48  15:23  Roach  
  48  15:27  Roach  
  47  15:31  Hydralisk  
  46  15:39  Queen  
  46  15:45  Infestor  
  46  15:49  Drone  
  49  15:51  Drone  
  49  15:55  Drone  
  51  15:59  Drone  
  51  16:02  Drone  
  53  16:06  Drone  
  53  16:08  Zergling x2  
  55  16:13  Roach  
  55  16:17  Roach  
  59  16:21  Roach  
  61  16:26  Hydralisk  
  61  16:32  Infestor  
  62  16:39  Queen  
  60  16:44  Hydralisk  
  60  16:50  Zergling x2  
  60  16:54  Roach  
  63  16:57  Roach  
  65  17:02  Infestor  
  65  17:07  Infestor  
  69  17:12  Viper  
  72  17:17  Roach  
  72  17:21  Roach  
  76  17:25  Roach  
  76  17:29  Roach  
  80  17:34  Hydralisk  
  71  17:39  Hydralisk  
  61  17:44  Hydralisk  
  61  17:48  Hydralisk  
  51  17:54  Hydralisk  
  51  17:58  Drone  
  40  18:17  Zergling x2  
  39  18:22  Spawning Pool  
  38  18:38  Roach  
  40  18:44  Roach  
  41  18:49  Roach  
  43  18:55  Roach  
  43  19:00  Roach  
  45  19:02  Overlord  
  45  19:18  Evolution Chamber  
  45  19:21  Drone  
  45  19:22  Zergling x2  
  46  19:27  Overlord  
  46  19:31  Drone  
  46  19:32  Drone  
  46  19:33  Evolution Chamber  
  46  19:40  Lair  
  36  19:54  Zergling x2  
  27  20:15  Zergling x2  
  27  20:19  Zergling x2  
  29  20:23  Zergling x2, Hatchery  
  29  20:26  Zergling x2  
  29  20:28  Roach Warren  
  29  20:30  Zergling x2  
  29  20:34  Zergling x2  
  30  20:37  Zergling x2  
  30  20:38  Overseer x2  
  30  20:41  Zergling x2  
  29  20:45  Zergling x2  
  19  21:10  Roach  
  12  21:27  Drone  
  9  21:41  Drone  
  9  21:42  Drone  
  9  21:51  Drone  
  9  21:52  Drone  
  9  21:54  Drone  
  3  22:03  Drone  
  3  22:08  Drone  
  4  22:39  Drone  
  4  22:43  Drone  
  6  23:01  Overlord  
  6  24:28  Hatchery  
  5  25:40  Drone  
  6  25:43  Drone  
  6  25:44  Drone  
  6  25:45  Drone  
  7  26:52  Drone  
  6  27:19  Hatchery  
  5  28:12  Spawning Pool  
  4  28:22  Drone  
  5  28:36  Drone  
  6  28:47  Drone  
  7  29:01  Drone  
  7  29:12  Drone  
  7  29:26  Drone  
  6  29:40  Drone  
Show
View Real Time Build Order
Export as new Build Order

IA (Difícil) Terran 

Build Orders: Reaper Expand 

Get SALT Encoding   

  12  0:01  SCV  
  13  0:13  SCV  
  14  0:20  Supply Depot  
  14  0:25  SCV  
  15  0:41  SCV  
  16  0:44  Barracks  
  16  0:53  SCV  
  17  1:05  SCV  
  18  1:20  Command Center  
  18  1:30  Orbital Command  
  18  1:31  Marine  
  19  1:40  Supply Depot  
  19  1:46  Refinery  
  19  1:49  Marine  
  20  1:57  SCV  
  21  2:03  Barracks  
  21  2:06  Marine  
  21  2:09  SCV  
  22  2:22  SCV  
  22  2:24  Marine  
  22  2:28  Refinery  
  21  2:32  SCV  
  20  2:43  Barracks Tech Lab  
  20  2:47  SCV  
  20  2:50  Marine  
  22  2:51  SCV  
  23  3:01  Marine  
  22  3:08  Marine, SCV  
  23  3:16  SCV  
  23  3:19  Marine  
  17  3:20  SCV  
  17  3:26  Reaper  
  17  3:28  SCV  
  17  3:32  SCV  
  16  3:39  Marauder  
  16  3:40  SCV  
  18  3:45  SCV  
  17  3:52  SCV  
  18  3:57  SCV  
  18  3:58  Marine  
  19  4:04  SCV  
  17  4:16  SCV  
  13  4:28  SCV  
  13  4:47  Refinery  
  13  4:52  Refinery  
  13  4:55  SCV  
  14  5:07  SCV  
  15  5:24  Supply Depot  
  6  6:10  Supply Depot  
Show
View Real Time Build Order
Export as new Build Order

IA (Difícil) Zerg 

Build Orders: 1 Base Baneling Bust, Pool First 

Get SALT Encoding   

  12  0:01  Drone  
  13  0:13  Overlord  
  13  0:18  Drone  
  14  0:31  Drone  
  14  0:32  Drone  
  16  0:44  Spawning Pool  
  16  0:46  Drone  
  16  0:50  Drone  
  16  0:52  Extractor  
  16  0:56  Drone  
  17  1:06  Overlord  
  17  1:31  Zergling x2, Queen  
  20  1:38  Zergling x2, Roach Warren  
  20  1:39  Drone  
  21  1:45  Extractor  
  20  1:49  Drone  
  20  2:00  Drone  
  17  2:11  Drone  
  18  2:21  Drone  
  18  2:32  Drone  
  19  2:38  Drone  
  19  2:39  Zergling x2  
  19  2:40  Drone  
  21  2:45  Roach  
  23  2:55  Zergling x2  
  25  3:05  Drone  
  24  3:13  Overlord, Roach  
  28  3:20  Roach  
  28  3:26  Zergling x2  
  26  3:32  Zergling x2  
  27  3:38  Drone  
  28  3:43  Roach  
  28  3:46  Overlord  
  30  3:50  Roach  
  32  3:56  Roach  
  34  4:03  Roach  
  36  4:12  Roach  
  38  4:23  Zergling x2  
  37  4:33  Zergling x2  
  37  4:36  Baneling Nest  
  37  4:44  Drone  
  38  4:47  Roach, Drone  
  41  4:53  Overlord  
  41  4:57  Evolution Chamber  
  39  5:08  Lair  
  39  5:28  Drone  
  40  5:32  Drone  
  32  5:37  Drone  
  27  5:43  Roach  
  27  5:47  Drone  
  30  5:52  Drone  
  30  5:55  Drone  
  32  6:03  Evolution Chamber  
  31  6:05  Drone  
  31  6:08  Zergling x2  
  31  6:10  Hydralisk Den  
  32  6:11  Drone  
  32  6:17  Roach  
  35  6:26  Roach  
  37  6:35  Zerg Melee Weapons Level 1  
  37  6:41  Hydralisk  
  37  6:44  Zerg Ground Armor Level 1  
  39  6:49  Hydralisk  
  41  6:57  Burrow  
  41  7:01  Roach  
  43  7:09  Roach  
  45  7:18  Roach  
  45  7:19  Overlord  
  47  7:27  Roach  
  49  7:35  Overseer, Hydralisk  
  51  7:38  Overseer  
  51  7:43  Hydralisk  
  51  7:44  Spore Crawler  
  52  7:54  Hatchery  
  51  8:01  Spore Crawler  
  50  8:16  Queen  
  52  8:27  Infestation Pit  
  51  8:29  Zerg Missile Weapons Level 1  
  51  8:33  Drone, Spine Crawler  
  51  8:43  Spine Crawler  
  51  8:45  Drone  
  51  9:03  Spire  
  51  9:04  Drone  
  51  9:07  Drone  
  52  9:11  Drone  
  53  9:18  Drone  
  49  9:26  Drone  
  49  9:30  Zergling x2  
  45  9:35  Overseer  
  39  9:41  Roach  
  37  9:48  Roach  
  37  9:56  Roach  
  39  10:02  Hydralisk  
  41  10:10  Infestor  
  43  10:19  Hive  
  43  10:50  Overseer  
  43  10:55  Roach  
  45  11:02  Roach  
  47  11:05  Pneumatized Carapace  
  47  11:08  Overlord  
  47  11:09  Roach  
  49  11:16  Hydralisk  
  51  11:23  Hydralisk  
  53  11:30  Infestor  
  53  11:31  Overlord  
  55  11:33  Ultralisk Cavern  
  55  11:34  Extractor, Drone  
  55  11:37  Drone  
  55  11:40  Overseer  
  55  11:50  Overlord  
  55  11:53  Extractor  
  54  11:54  Drone  
  55  12:01  Hatchery  
  54  12:19  Drone  
  61  12:23  Ultralisk  
  61  12:44  Ultralisk  
  61  12:51  Viper  
  70  12:59  Overlord  
  70  13:03  Drone  
  71  13:08  Roach  
  73  13:14  Roach  
  73  13:17  Hydralisk  
  73  13:19  Drone  
  76  13:24  Drone  
  77  13:27  Drone  
  77  13:30  Drone  
  78  13:34  Drone  
  78  13:38  Zergling x2  
  80  13:45  Overlord  
  80  13:48  Overseer  
  80  13:55  Overlord  
  80  13:57  Overseer  
  80  13:59  Roach  
  80  14:02  Hydralisk  
  76  14:07  Hydralisk  
  74  14:12  Roach  
  74  14:17  Roach  
  74  14:20  Roach  
  74  14:23  Roach  
  78  14:24  Roach  
  78  14:28  Roach  
  80  14:33  Overlord  
  80  14:38  Roach  
  82  14:41  Roach  
  82  14:45  Roach  
  86  14:46  Roach x2  
  86  14:50  Roach  
  88  14:54  Overlord, Roach  
  88  14:59  Hydralisk  
  78  15:00  Roach  
  78  15:04  Hydralisk  
  78  15:05  Roach  
  82  15:13  Overlord  
  82  15:18  Overlord  
  82  15:20  Overseer  
  76  15:29  Overseer  
  76  15:31  Overlord  
  76  15:40  Overseer  
  76  15:48  Infestor  
  76  15:49  Drone  
  73  15:50  Zergling x2, Drone  
  73  15:51  Drone  
  73  15:53  Roach  
  73  15:54  Drone  
  72  15:57  Drone  
  72  16:00  Drone  
  71  16:07  Overlord  
  69  16:11  Drone  
  69  16:15  Drone  
  54  16:25  Queen  
  50  16:32  Mutalisk  
  38  16:39  Mutalisk  
  39  16:46  Mutalisk  
  36  16:54  Hydralisk  
  35  16:58  Drone  
  39  17:01  Drone  
  39  17:02  Queen  
  39  17:05  Infestor  
  39  17:07  Mutalisk  
  39  17:13  Mutalisk  
  37  17:16  Drone  
  37  17:18  Drone  
  37  17:20  Mutalisk  
  38  17:23  Drone  
  38  17:26  Drone x2  
  38  17:27  Drone  
  40  17:30  Drone  
  40  17:33  Overseer  
  40  17:37  Overseer  
  41  17:41  Mutalisk  
  41  17:44  Drone  
  41  17:47  Mutalisk  
  37  17:51  Mutalisk  
  37  17:55  Drone  
  37  17:57  Queen  
  39  18:00  Mutalisk  
  39  18:01  Drone  
  41  18:07  Mutalisk  
  41  18:09  Hydralisk  
  43  18:14  Mutalisk  
  43  18:20  Mutalisk  
  43  18:23  Drone x2  
  43  18:37  Mutalisk  
  45  18:45  Extractor, Drone  
  45  18:46  Hydralisk, Drone  
  45  18:55  Extractor  
  45  18:57  Drone  
  42  19:05  Mutalisk  
  42  19:07  Drone  
  42  19:08  Spore Crawler  
  42  19:09  Drone  
  39  19:11  Drone  
  39  19:14  Overseer  
  40  19:19  Drone  
  40  19:21  Drone  
  42  19:32  Mutalisk  
  42  19:33  Overlord  
  42  19:35  Zergling x2  
  45  19:39  Roach  
  45  19:41  Drone  
  45  19:42  Roach  
  47  19:53  Hydralisk  
  47  19:56  Overlord, Roach  
  47  19:59  Roach  
  53  20:02  Ravager  
  53  20:03  Roach  
  56  20:08  Hydralisk  
  58  20:14  Hydralisk  
  58  20:20  Overlord  
  56  20:26  Overseer  
  56  20:27  Zergling x2  
  39  20:32  Roach  
  40  20:38  Hydralisk  
  40  20:41  Drone  
  41  20:46  Hydralisk  
  38  20:52  Roach  
  37  20:57  Hydralisk  
  37  20:59  Hydralisk  
  37  21:03  Roach  
  41  21:07  Drone  
  40  21:13  Overseer  
  40  21:19  Hydralisk  
  38  21:29  Evolution Chamber  
  35  21:40  Hydralisk  
  35  21:45  Hydralisk  
  39  21:49  Hydralisk  
  37  22:10  Drone  
  33  22:16  Spawning Pool  
  29  22:36  Overlord  
  28  22:54  Spawning Pool  
  28  22:57  Overlord  
  18  23:14  Drone  
  15  23:41  Queen  
  17  24:01  Hatchery x2  
  13  24:29  Lair, Hatchery  
  10  24:52  Hatchery  
  7  25:30  Drone  
  8  25:36  Drone  
  8  25:38  Drone  
  9  25:56  Infestation Pit  
  7  26:20  Drone  
  8  26:28  Drone  
  8  26:30  Hatchery  
  8  26:38  Drone  
  10  26:47  Drone  
  10  26:56  Drone  
  11  27:05  Drone  
  12  27:15  Drone  
  13  27:25  Drone  
  14  27:34  Drone  
  15  27:43  Drone  
  16  27:50  Drone  
  14  27:58  Drone  
  14  27:59  Drone  
  3  28:38  Drone  
  4  28:49  Drone  
  5  28:59  Drone  
  5  29:35  Drone  
Show
View Real Time Build Order
Export as new Build Order

IA (Difícil) Protoss 

Build Orders:  

Get SALT Encoding   

  12  0:01  Probe  
  13  0:13  Probe  
  14  0:21  Pylon  
  14  0:25  Probe  
  15  0:36  Probe  
  16  0:44  Probe  
  16  0:48  Assimilator  
  17  0:52  Gateway  
  17  0:53  Probe  
  18  1:01  Probe  
  18  1:03  Pylon  
  19  1:23  Probe  
  20  1:41  Zealot  
  20  1:44  Cybernetics Core  
  20  1:45  Gateway  
  22  1:48  Assimilator  
  22  2:08  Pylon  
  22  2:18  Adept  
  22  2:20  Warp Gate  
  24  2:33  Zealot  
  24  2:48  Adept  
  26  2:55  Zealot  
  26  3:12  Pylon  
  26  3:18  Adept  
  28  3:22  Adept  
  28  3:46  Adept  
  28  3:55  Adept  
  28  3:59  Pylon  
  23  4:17  Probe  
  24  4:24  Stalker  
  24  4:33  Stalker  
  26  4:42  Stalker  
  23  4:56  Probe  
  23  4:57  Stalker  
  25  5:06  Stalker  
  22  5:08  Probe  
  17  5:19  Probe  
  17  5:20  Zealot  
  19  5:27  Probe  
  18  5:32  Adept  
  18  5:35  Probe  
  13  5:45  Adept  
  13  5:46  Probe  
  13  5:57  Adept  
  13  5:58  Probe  
  12  6:07  Zealot  
Tags
 
Add a new tag
Caveats
  • Supply blocks, unpowered buildings, or Contaminate may cause inaccurate times.
  • Supply counts are checked every 10 seconds.